 Seeded DCSS version 0.29.1-12-g30fa7ad0bf (webtiles) character file.

Game seed: 16739654326058170392 (custom seed)

1595 retardedninja the Shield-Bearer (level 8, 0/73 HPs)
             Began as a Minotaur Fighter on Jan 3, 2023.
             Slain by a killer bee (4 damage)
             ... on level 6 of the Dungeon.
             The game lasted 00:06:58 (6021 turns).

retardedninja the Shield-Bearer (Minotaur Fighter)  Turns: 6021, Time: 00:06:58

Health: 0/73       AC: 13    Str: 23    XL:     8   Next: 62%
Magic:  7/7        EV:  9    Int:  5    God:
Gold:   421        SH:  6    Dex: 16    Spells: 7/7 levels left

rFire   . . .      SeeInvis .   b - +7 Throatcutter {drain, coup de grace}
rCold   . . .      Faith    .   c - +0 buckler
rNeg    . . .      Spirit   .   v - +3 scale mail
rPois   .          Reflect  .   (helmet restricted)
rElec   .          Harm     .   r - +0 cloak
rCorr   .          Rampage  .   x - +0 pair of gloves
Will    .....                   (no boots)
Stlth   ..........              a - amulet of regeneration
HPRegen 1.02/turn               j - +6 ring of dexterity
MPRegen 0.10/turn               (no ring)

@: lethally poisoned (0 -> -1), attractive, hasted, invisible, very quick
A: horns 2, retaliatory headbutt
a: no special abilities


You were on level 6 of the Dungeon.
You visited 1 branch of the dungeon, and saw 6 of its levels.

You collected 421 gold pieces.

Inventory:

Hand Weapons
 b - the +7 Throatcutter (weapon) {drain, coup de grace}
   (You found it on level 4 of the Dungeon)

   A truly terrible weapon, it drains the life of any living foe it strikes.
   It may instantly kill foes which have little health.
Armour
 c - a +0 buckler (worn)
 r - a +0 cloak (worn)
 v - a +3 scale mail (worn)
 x - a +0 pair of gloves (worn)
Jewellery
 a - an amulet of regeneration (around neck)
 j - a +6 ring of dexterity (left hand)
 w - a +4 ring of slaying
Scrolls
 d - a scroll of butterflies {unknown}
 h - 3 scrolls of fear
 k - a scroll of immolation {unknown}
 l - a scroll of teleportation
 m - a scroll of poison {unknown}
 n - 3 scrolls of vulnerability {unknown}
 o - 3 scrolls of magic mapping {unknown}
 t - a scroll of identify
 u - 2 scrolls of amnesia {unknown}
Potions
 e - 2 potions of mutation
 f - a potion of haste
 i - a potion of lignification
 p - a potion of brilliance


   Skills:
 + Level 7.4 Fighting
 + Level 6.9 Long Blades
 + Level 7.4 Armour
 + Level 7.5 Shields


You had 7 spell levels left.
You didn't know any spells.
Your spell library contained the following spells:

 Spells                   Type           Power      Damage    Failure   Level
 Gell's Gravitas          Tloc           0%         N/A       99%         3
 Teleport Other           Tloc           0%         N/A       99%         3
 Dispersal                Tloc           0%         N/A       100%        6


Dungeon Overview and Level Annotations

Branches:
Dungeon (6/15)
 Temple: D:4-7

Altars:
Elyvilon
Yredelemnul

Annotations:
D:6 Edmund


Innate Abilities, Weirdness & Mutations

You have a pair of horns on your head.
You reflexively headbutt those who attack you in melee.


Message History

Edmund is heavily wounded.
You feel very sick.
The centaur shouts!
The killer bee closely misses you. Edmund hits you with a +0 vorpal flail.
* * * LOW HITPOINT WARNING * * *
x2 The orc warrior hits you from afar with a +0 trident.
* * * LOW HITPOINT WARNING * * *
The centaur is attracted toward you.
You feel sick.
The centaur shouts!
Edmund is attracted toward you.
You feel sick. Edmund is attracted toward you.
The orc warrior is attracted toward you.
The butterfly is attracted toward you.
You feel sick. Edmund is attracted toward you.
The butterfly is attracted toward you.
The orc warrior is attracted toward you.
The killer bee is attracted toward you.
You feel sick. The butterfly is attracted toward you.
Edmund is attracted toward you.
The orc warrior is attracted toward you.
The killer bee is attracted toward you. Something is attracted toward you.
Okay, then.
You feel sick. Edmund is attracted toward you.
The orc warrior is attracted toward you.
The killer bee is attracted toward you.
You feel sick. The butterfly is attracted toward you.
Edmund is attracted toward you.
The orc warrior is attracted toward you.
The killer bee is attracted toward you.
Okay, then.
You feel sick. The killer bee is attracted toward you.
The orc warrior is attracted toward you.
Edmund is attracted toward you. The killer bee is attracted toward you.
You feel sick. Edmund is attracted toward you.
You feel sick. The killer bee is attracted toward you.
The orc warrior is attracted toward you.
Edmund is attracted toward you. The killer bee stings you.
You die...

####....##§##.#.........
#.......##§##......#....
#.......'..§.......#.... ...
#..)....##§§§..).[.#...###...
#####>.).........§..#............
#......)########oy..#.###........
#......## ##.....#............
#......# ##..y#.....#.........
#......# ##...@#.###.#.........
######.# ###)....#.....#.........
#.# #....#.....#.......####. #.#
#....#.###.#.###.†#####.
#.###....#.....#............
#.##........#.....#.........
#....#..###.#.###.#.........
##..##......#.....#.........
##.##...#.....#......######


You could see an orc warrior (unable to see you) and 2 killer bees.

Vanquished Creatures
  An orc warrior (D:6)
  2 ice beasts (D:5)
  An ogre (D:5)
  3 centaurs
  A phantom (D:6)
  2 bullfrogs (D:6)
  A scorpion (D:4)
  2 necrophages (D:6)
  2 killer bees (D:6)
  A jelly (D:5)
  An orc priest (D:4)
  A gnoll bouda (D:4)
  2 hounds
  4 iguanas
  9 gnolls
  8 adders
  2 ufetubi
  3 dart slugs
  13 orcs
  8 ball pythons
  3 bats
  11 endoplasms
  5 goblins
  4 hobgoblins
  12 jackals
  5 kobolds
  6 quokkas
  6 frilled lizards
  7 rats
126 creatures vanquished.

Notes
Turn   | Place    | Note
-------+----------+-------------------------------------------
     0 | D:1      | retardedninja the Minotaur Fighter began the quest for the
                  | Orb.
     0 | D:1      | Reached XP level 1. HP: 19/19 MP: 0/0
    35 | D:1      | Reached XP level 2. HP: 2/27 MP: 1/1
   975 | D:1      | Reached XP level 3. HP: 25/33 MP: 2/2
  2380 | D:2      | You fall into a shaft and drop 2 floors!
  2406 | D:4      | Reached XP level 4. HP: 41/41 MP: 3/3
  2528 | D:3      | Found a white marble altar of Elyvilon.
  2676 | D:3      | Found a basalt altar of Yredelemnul.
  2817 | D:2      | Found a white marble altar of Elyvilon.
  2999 | D:2      | Found a faded altar of an unknown god.
  3037 | D:3      | Reached XP level 5. HP: 9/47 MP: 4/4
  3939 | D:4      | Reached skill level 5 in Fighting
  3939 | D:4      | Reached skill level 5 in Armour
  3939 | D:4      | Reached skill level 5 in Shields
  3959 | D:4      | Reached XP level 6. HP: 45/56 MP: 5/5
  3974 | D:4      | Found the +7 Throatcutter {drain, coup de grace}
  4435 | D:5      | Entered Level 5 of the Dungeon
  5215 | D:5      | Reached skill level 5 in Long Blades
  5301 | D:5      | Reached XP level 7. HP: 48/62 MP: 6/6
  5842 | D:6      | Reached XP level 8. HP: 71/71 MP: 7/7
  5996 | D:6      | Noticed Edmund
  6019 | D:6      | HP: 3/73 [poisoned by a killer bee]
  6021 | D:6      | Slain by a killer bee

Illustrated notes

Levels and vault maps discovered:
D:1:      dpeg_arrival_chambers_temple_mockup, layout_basic, roderic_lattice_a,
          serial_park_tiny_pond, minmay_tetromino_i2
D:2:      layout_basic, hellmonk_ecumenical_altar_prayer_group, basic_altar,
          minmay_misc_feat_iff
D:3:      cheibrodos_old_hovel, layout_rooms,
          mainiacjoe_overflow_small_starburst, mainiacjoe_overflow_catwalk
D:4:      layout_cave_pools
D:5:      layout_basic
D:6:      hangedman_cross_stitches, layout_basic,
          nicolae_gozag_zags_fifth_avenue, minmay_temple_entry_butterflies,
          uniq_edmund

Skill      XL: |  1  2  3  4  5  6  7  8 |
---------------+-------------------------+-----
Shields        | 4 5 6 7 |  7.5
Fighting       | 4 5 6 7 |  7.4
Armour         | 4 5 6 7 |  7.4
Long Blades    | 3 4 5 6 |  6.9

Action                   |  1- 3 |  4- 6 |  7- 9 || total
-------------------------+-------+-------+-------++-------
Melee: Long sword        |    95 |   120 |    48 ||   263
       Headbutt          |    10 |    18 |     4 ||    32
  Use: Potion            |     2 |     2 |     3 ||     7
       Scroll            |     1 |     7 |       ||     8
 Stab: Invisible         |       |       |     1 ||     1
Armor: Scale mail        |    44 |     5 |    36 ||    85
       Skin              |     8 |     7 |       ||    15
       Chain mail        |       |    40 |     6 ||    46
Dodge: Dodged            |    50 |    49 |    41 ||   140
Block: Buckler           |    25 |    24 |    26 ||    75
